 Dungeon Crawl Stone Soup version 0.30.0 (webtiles) character file.

Game seed: 387789298845600538

125 PiratePeteNZ the Chopper (level 5, 0/47 HPs)
             Began as a Hill Orc Fighter on May 20, 2023.
             Slain by Eustachio
             ... wielding a +0 falchion
              (2 damage)
             ... on level 4 of the Dungeon.
             The game lasted 00:07:31 (2642 turns).

PiratePeteNZ the Chopper (Hill Orc Fighter)         Turns: 2642, Time: 00:07:31

Health: 0/47       AC: 12    Str: 21    XL:     5   Next: 9%
Magic:  5/5        EV:  6    Int:  8    God:
Gold:   190        SH:  4    Dex: 10    Spells: 4/4 levels left

rFire   . . .        a - +0 war axe
rCold   . . .        c - +0 buckler
rNeg    . . .        l - +0 plate armour
rPois   .            (no helmet)
rElec   .            (no cloak)
rCorr   .            (no gloves)
SInv    .            f - +0 pair of boots
Will    .....        (no amulet) Stlth
                     p - ring of wizardry
HPRegen 0.27/turn    o - ring of wizardry
MPRegen 0.09/turn

%: wizardry (x2)
@: mighty
A: no striking features
a: no special abilities


You were on level 4 of the Dungeon.
You visited 1 branch of the dungeon, and saw 4 of its levels.

You collected 190 gold pieces.

Inventory:

Hand Weapons
 a - a +0 war axe (weapon)
Armour
 c - a +0 buckler (worn)
 f - a +0 pair of boots (worn)
 l - a +0 plate armour (worn)
Jewellery
 n - a ring of protection from fire
 o - a ring of wizardry (right hand)
 p - a ring of wizardry (left hand)
Scrolls
 g - 2 scrolls of teleportation
 h - a scroll of torment {unknown}
 i - a scroll of fog {unknown}
 k - a scroll of identify {unknown}
 m - a scroll of magic mapping {unknown}
 r - a scroll of amnesia {unknown}
Potions
 b - a potion of attraction {unknown}
 e - a potion of lignification {unknown}
 j - 3 potions of curing {unknown}
 q - a potion of heal wounds {unknown}


   Skills:
 + Level 4.4 Fighting
 + Level 4.9 Axes
 + Level 3.9 Armour
 + Level 0.2 Dodging
 + Level 3.8 Shields


You had 4 spell levels left.
You didn't know any spells.
Your spell library was empty.

Dungeon Overview and Level Annotations

Branches:
Dungeon (4/15)
 Temple: D:4-7

Altars:
Gozag
Wu Jian

Shops:
D:2 (

Annotations:
D:4 Eustachio


Message History

The river rat bites you but does no damage.
You feel very mighty all of a sudden. The bat hits you.
* * * LOW HITPOINT WARNING * * *
The river rat bites you but does no damage.
You barely miss the river rat.
The river rat is heavily wounded.
You block the river rat's attack. The bat hits you but does no damage.
You closely miss the river rat.
The river rat is heavily wounded.
You closely miss the bat. The bat barely misses you. The river rat bites you.
* * * LOW HITPOINT WARNING * * *
You barely miss the river rat.
The river rat is heavily wounded.
You slash the bat!
You kill the bat!
The bat's corpse disappears in a puff of smoke!
The river rat bites you.
* * * LOW HITPOINT WARNING * * *
You block the river rat's attack.
You barely miss the river rat.
The river rat is heavily wounded.
Eustachio gestures wildly while chanting.
The river rat bites you but does no damage.
You slash the river rat!
You kill the river rat!
The river rat's corpse disappears in a puff of smoke!
You block the bat's attack.
You barely miss Eustachio.
Eustachio is heavily wounded.
You closely miss the bat. You slash the rat!
You kill the rat!
The rat's corpse disappears in a puff of smoke!
The bat hits you but does no damage. Eustachio hits you with a +0 falchion!
* * * LOW HITPOINT WARNING * * *
You miss Eustachio.
Eustachio is heavily wounded.
You completely miss the bat. You block the bat's attack.
Eustachio hits you with a +0 falchion.
You die...

....>..........
...............
..!...........
............#
.............#
..........$..###
........)......##
........@b§......
.........@.####...
##.................#
...............##.##
...............#
.......##.#...##
.........# #.##..#
...........###...###
............#.....##
...[...............#


You could see Eustachio and a bat (summoned).

Vanquished Creatures
  4 adders
  3 worms
  A dart slug (D:1)
  3 orcs (D:3)
  6 ball pythons
  9 bats
  6 endoplasms
  3 giant cockroaches
  5 goblins
  7 hobgoblins
  5 quokkas
  6 frilled lizards
  7 kobolds
  5 rats
70 creatures vanquished.

Notes
Turn   | Place    | Note
-------+----------+-------------------------------------------
     0 | D:1      | PiratePeteNZ the Hill Orc Fighter began the quest for the
                  | Orb.
     0 | D:1      | Reached XP level 1. HP: 19/19 MP: 1/1
    71 | D:1      | Noticed an eye of devastation
    74 | D:1      | Found a faded altar of an unknown god.
    88 | D:1      | Noticed a great orb of eyes
    92 | D:1      | Noticed a golden eye
   117 | D:1      | Reached XP level 2. HP: 26/27 MP: 2/2
   216 | D:1      | Noticed a shining eye
   354 | D:1      | Reached XP level 3. HP: 30/33 MP: 3/3
   978 | D:2      | Found Legawk's Weapon Shop.
  1272 | D:2      | Reached XP level 4. HP: 40/40 MP: 4/4
  1656 | D:3      | Found an opulent altar of Gozag.
  2209 | D:3      | Found an ornate altar of the Wu Jian Council.
  2324 | D:3      | Reached XP level 5. HP: 47/47 MP: 5/5
  2611 | D:4      | Noticed Eustachio
  2641 | D:4      | HP: 1/47 [Eustachio/+0 falchion (7)]
  2642 | D:4      | Slain by Eustachio

Illustrated notes

Levels and vault maps discovered:
D:1:      scummos_arrival_hexagon, layout_basic,
          hellmonk_ecumenical_altar_watching_god, minmay_split_cup_large
D:2:      layout_loops_ring, serial_shops,
          nicolae_shop_temple_entry_statues_fountains
D:3:      minmay_evil_eye, layout_loops_corners, lemuel_coloured_pillars_altar,
          grunt_gozag_statues, kennysheep_decorative_pillar
D:4:      layout_cave_pools, minmay_temple_entry_enclosed_plants, uniq_eustachio

Skill      XL: |  1  2  3 |
---------------+----------+-----
Fighting       | 4 |  4.4
Axes           | 4 |  4.9
Armour         | |  3.9
Dodging        | |  0.2
Shields        | |  3.8

Action                     |  1- 3 |  4- 6 || total
---------------------------+-------+-------++-------
  Melee: War axe           |   111 |    86 ||   197
    Use: Scroll            |       |     1 ||     1
         Potion            |       |     1 ||     1
 Armour: Scale mail        |    40 |       ||    40
         Plate armour      |    29 |    65 ||    94
  Dodge: Dodged            |    53 |    20 ||    73
  Block: Buckler           |    20 |    20 ||    40
